 Dungeon Crawl Stone Soup version 0.29-a0-477-g62b78b4225 (webtiles) character file.

Game seed: 8572883926067306441

23331 ders the Eclecticist (level 13, -3/75 HPs)
             Began as a Djinni Conjurer on May 24, 2022.
             Was a Believer of Ashenzari.
             Slain by a black mamba (14 damage)
             ... on level 3 of the Lair of Beasts.
             The game lasted 00:19:39 (18542 turns).

ders the Eclecticist (Djinni Conjurer)             Turns: 18542, Time: 00:19:39

Health: -3/75      AC:  5    Str:  8    XL:     13   Next: 34%
Gold:   713        EV: 16    Int: 25    God:    Ashenzari [**....] SH:  0 Dex: 12

rFire   + + .      SeeInvis +   D - +7 rapier "Shattered Awkwardness" {venom, rC+ rCorr, Evo, Self} (curse)
rCold   + + +      Faith    .   (no shield)
rNeg    . . .      Spirit   .   r - +1 robe of Ashenzari's Seeker {+Blink rC+++ Str+2 Slay-2, Range, Self} (curse)
rPois   ∞          Reflect  .   k - +0 helmet
rElec   .          Harm     .   K - scarf {+Inv}
rCorr   +          Rampage  .   x - +0 pair of gloves "Lashed With Me" {Fort, Self} (curse)
Will    +....                   (boots unavailable)
Stlth   ++........              (no amulet)
HPRegen 0.22/turn               o - +4 ring of evasion
MPRegen 0.00/turn               (no ring)

@: flying
A: sickness immunity, fire resistance 2, cold vulnerability 1, float, innate
caster, HP casting, extra vitality 1
a: Renounce Religion, Evoke Blink, Evoke Invisibility, Curse Item, Shatter the
Chains


You were on level 3 of the Lair of Beasts.
You worshipped Ashenzari.
Ashenzari was pleased with you.
You visited 3 branches of the dungeon, and saw 14 of its levels.

You collected 751 gold pieces.
You spent 38 gold pieces at shops.

Inventory:

Hand Weapons
 D - the cursed +7 rapier "Shattered Awkwardness" (weapon) {venom, rC+ rCorr, Evo, Self}
   (You took it off an orc on level 7 of the Dungeon)

   It poisons the flesh of those it strikes.
   rC:        It protects you from cold.
   rCorr:     It protects you from acid and corrosion.
   It has a curse which improves the following skills: Evocations: Evocations.
   Introspection: Fighting and Spellcasting.
Missiles
 C - 2 throwing nets
Armour
 a - a +0 robe
 k - a +0 helmet (worn)
 r - the cursed +1 robe of Ashenzari's Seeker (worn) {+Blink rC+++ Str+2 Slay-2, Range, Self}
   (You found it on level 3 of the Dungeon)

   Str:       It affects your strength (+2).
   Slay:      It affects your accuracy & damage with ranged weapons and melee
   (-2).
   rC:        It renders you almost immune to cold.
   +Blink:    It lets you blink.
   It has a curse which improves the following skills: Ranged Combat: Slings,
   Bows, Crossbows and Throwing.
   Introspection: Fighting and Spellcasting.
 x - the cursed +0 pair of gloves "Lashed With Me" (worn) {Fort, Self}
   (You found it on level 5 of the Dungeon)

   It has a curse which improves the following skills: Fortitude: Armour and
   Shields.
   Introspection: Fighting and Spellcasting.
 E - a +1 tower shield of positive energy
 K - a scarf of invisibility (worn)
Jewellery
 o - a +4 ring of evasion (left hand)
 q - a +6 ring of strength
Wands
 L - a wand of iceblast (5)
Scrolls
 g - 14 scrolls of identify
 h - 12 scrolls of teleportation
 i - 2 scrolls of enchant armour
 m - 2 scrolls of fear
 n - 2 scrolls of torment
 u - 3 scrolls of magic mapping
 w - a scroll of vulnerability
 y - 2 scrolls of noise
 B - 2 scrolls of silence
 F - 2 scrolls of blinking
 I - a scroll of fog
 J - a scroll of summoning
Potions
 b - 4 potions of curing
 c - a potion of might
 d - 3 potions of flight
 e - 3 potions of heal wounds
 f - a potion of ambrosia
 j - a potion of cancellation
 l - a potion of resistance
 p - 2 potions of haste
 s - 2 potions of degeneration
 t - 2 potions of mutation
 v - 2 potions of invisibility
 z - a potion of attraction
 A - 2 potions of lignification
 G - a potion of berserk rage
 H - 2 potions of brilliance


   Skills:
 - Level 2.1 Dodging
 - Level 1.5 Stealth
 + Level 16.7(19.0) Spellcasting


You had 16 spell levels left.
You knew the following spells:

 Your Spells              Type           Power      Damage    Failure   Level
a - Magic Dart            Conj           100%       1d8       0%          1
b - Foxfire               Conj/Fire      100%       2x1d9     0%          1
c - Dazzling Flash        Conj/Hex       100%       N/A       0%          3
d - Fulminant Prism       Conj/Hex       43%        3d20      0%          4
e - Iskenderun's Mystic   Conj/Tloc      87%        2d17      0%          4
f - Searing Ray           Conj           100%       2d8       0%          2
g - Passwall              Tmut/Erth      72%        N/A       0%          2
h - Call Canine Familiar  Summ           87%        N/A       0%          3
i - Ice Form              Ice/Tmut       87%        N/A       0%          4
j - Yara's Violent Unrav  Hex/Tmut       43%        3d17      1%          5
k - Silence               Hex/Air        43%        N/A       1%          5
Your spell library was empty.

Dungeon Overview and Level Annotations

Branches:
Dungeon (10/15)            Temple (1/1) D:4            Lair (3/6) D:9
  Swamp: Lair:2-4    Shoals: Lair:2-4     Snake: Lair:2-4    Spider: Lair:2-4
    Orc: D:9-12

Altars:
Ashenzari
Cheibriados
Dithmenos
Elyvilon
Fedhas
Gozag
Hepliaklqana
Kikubaaqudgha
Makhleb
Nemelex Xobeh
Okawaru
Qazlal
Sif Muna
Trog
Uskayaw
Vehumet
Wu Jian
Xom
Yredelemnul
Zin
The Shining One

Shops:
D:5 ?   D:7 (


Innate Abilities, Weirdness & Mutations

You are immune to sickness and miasma.
You are immune to poison.
Your flesh is very heat resistant. (rF++)
You are vulnerable to cold. (rC-)
You float through the air rather than walking.
You learn spells naturally, not from books.
Your magical power is your life essence.
You have superior vitality. (+4 MHP)


Message History

Your fulminant prism explodes!
You feel a bit more experienced.
You hear a bellow!
Casting: Fulminant Prism (safe; 0% risk of failure)
Confirm with . or Enter, or press ? or * to list all spells.
Aiming: Fulminant Prism (safe; 0% risk of failure)
Press: ? - help, Dir - move target You conjure a prism of explosive energy!
A fulminant prism comes into view.
Your fulminant prism crackles loudly.
A black mamba comes into view.
The death yak is engulfed in calcifying dust.
The death yak is moving more slowly.
A death yak comes into view.
Your fulminant prism explodes!
The blast of energy engulfs the death yak!!
The death yak is moderately wounded.
The death yak bellows!
Casting: Fulminant Prism (safe; 0% risk of failure)
Confirm with . or Enter, or press ? or * to list all spells.
Aiming: Fulminant Prism (safe; 0% risk of failure)
Press: ? - help, Dir - move target You conjure a prism of explosive energy!
A fulminant prism comes into view.
You barely miss the black mamba.
The black mamba bites you but does no damage.
The black mamba completely misses you.
Your fulminant prism crackles loudly.
The death yak gores your fulminant prism!!
Your fulminant prism explodes!
The blast of energy engulfs the death yak!
The death yak is moderately wounded.
The blast of energy engulfs you!!
* * * LOW HITPOINT WARNING * * *
The death yak is engulfed in calcifying dust.
The death yak is moving more slowly.
You hit the black mamba.
The black mamba is poisoned.
The black mamba is lightly wounded.
The black mamba closely misses you. The black mamba bites you!
You die...

.......................
...(...........##.....
,
...............##.....
, ................#..#
. ,
................#..#
................Y..#
^...............Y..# ,
...................## *
##..............@...#
................S..##
................Y†.#
....#######.....#..## *
* ..### , ,###..##...#
* .## ,, ##......# * ,
, .#,, * , #......#
.... * ....##..## *,, ,
.#... ..## #...#


You could see 2 death yaks, a black mamba (very poisoned) and a yak.

Vanquished Creatures
  A catoblepas (Lair:3)
  2 two-headed ogres (D:8)
  Amaemon (Lair:3)
  Pikel (D:7)
  3 black mambas
  An ice statue (Lair:1)
  An unseen horror (D:7)
  An orange demon (Lair:3)
  5 cane toads (Lair:2)
  A rime drake (Lair:1)
  6 komodo dragons
  Maggie (D:7)
  2 ice devils (Lair:1)
  A freezing wraith (Lair:1)
  A kobold demonologist (D:9)
  2 polar bears
  13 blink frogs
  A shadow (D:9)
  A dire elephant simulacrum (Lair:1)
  2 wyverns
  21 yaks
  A steam dragon (D:9)
  4 nagas (Lair:3)
  12 water moccasins
  An acid dragon (D:9)
  2 orc warriors
  A sky beast (D:7)
  An ice beast (D:5)
  5 black bears
  The ghost of greasedhog the Chopper, an amateur HOMo (D:2)
  An ogre (D:7)
  12 wolves
  2 centaurs
  3 lemures (D:7)
  5 kobold brigands
  A gnoll sergeant (D:6)
  14 bullfrogs
  2 wyvern zombies (D:7)
  4 scorpions
  A two-headed ogre simulacrum (Lair:1)
  A water moccasin zombie (D:7)
  9 wights
  3 killer bees (D:9)
  3 howler monkeys
  A centaur zombie (D:7)
  A bullfrog zombie (D:7)
  A hound (D:6)
  A gnoll shaman (D:7)
  4 jellies
  6 orc priests
  Natasha (thrice) (D:3)
  13 orc wizards
  A polar bear simulacrum (Lair:1)
  A spriggan simulacrum (Lair:1)
  2 killer bee zombies (D:7)
  12 gnolls
  12 adders
  A naga simulacrum (Lair:1)
  3 shadow imps
  3 white imps
  An ufetubus (D:4)
  2 worms
  3 dart slugs
  41 orcs
  6 bats
  4 endoplasms
  3 giant cockroaches
  6 goblins
  5 hobgoblins
  12 jackals
  7 quokkas
  7 ball pythons
  2 frilled lizards
  42 kobolds
  8 kobold skeletons (D:9)
  10 kobold zombies (D:9)
  4 rats
  A fulminant prism (D:6)
386 creatures vanquished.

Vanquished Creatures (others)
  919 foxfires
  97 fulminant prisms
  63 fungi
  56 plants
1135 creatures vanquished.

Grand Total: 1521 creatures vanquished

Notes
Turn   | Place    | Note
-------+----------+-------------------------------------------
     0 | D:1      | ders the Djinni Conjurer began the quest for the Orb.
     0 | D:1      | Reached XP level 1. HP: 15/15 MP: 0/0
   343 | D:1      | Reached XP level 2. HP: 17/21 MP: 0/0
   930 | D:2      | Reached XP level 3. HP: 13/25 MP: 0/0
   930 | D:2      | Learned a level 1 spell: Foxfire
  1173 | D:2      | Reached skill level 4 in Spellcasting
  1283 | D:2      | Identified the +2 ring mail of Weeziqiul {MP+9}
  1514 | D:2      | Reached XP level 4. HP: 28/31 MP: 0/0
  2265 | D:3      | Noticed Natasha
  2275 | D:3      | Killed Natasha
  2276 | D:3      | Reached XP level 5. HP: 16/35 MP: 0/0
  2276 | D:3      | Learned a level 2 spell: Passwall
  2633 | D:3      | Reached skill level 5 in Spellcasting
  2704 | D:3      | Noticed Natasha
  2711 | D:3      | Killed Natasha
  2718 | D:3      | Reached XP level 6. HP: 24/40 MP: 0/0
  3039 | D:3      | Found a runed translucent door.
  3045 | D:3      | Noticed greasedhog's ghost (amateur HOMo)
  3070 | D:2      | Killed greasedhog's ghost
  3871 | D:3      | Identified the +1 robe of True Grit {+Blink rC+++ Str+2
                  | Slay-2}
  3973 | D:3      | Noticed Natasha
  3983 | D:3      | Killed Natasha
  4171 | D:3      | Found a faded altar of an unknown god.
  4210 | D:4      | Reached skill level 6 in Spellcasting
  4217 | D:4      | Reached XP level 7. HP: 27/45 MP: 0/0
  4217 | D:4      | Learned a level 3 spell: Call Canine Familiar
  5508 | D:4      | Found a staircase to the Ecumenical Temple.
  5519 | D:4      | Reached skill level 7 in Spellcasting
  5525 | Temple   | Entered the Ecumenical Temple
  5613 | Temple   | Became a worshipper of Ashenzari the Shackled
  5646 | D:4      | Reached XP level 8. HP: 44/50 MP: 0/0
  5792 | D:5      | Entered Level 5 of the Dungeon
  6289 | D:5      | Found Arit's Magic Scroll Boutique.
  6294 | D:5      | Bought a scroll of magic mapping for 38 gold pieces
  6377 | D:5      | Reached skill level 8 in Spellcasting
  7144 | D:6      | Found a shadowy altar of Dithmenos.
  7261 | D:6      | Reached XP level 9. HP: 18/55 MP: 0/0
  7261 | D:6      | Learned a level 4 spell: Ice Form
  7733 | D:6      | Reached skill level 9 in Spellcasting
  8027 | D:7      | Noticed Pikel
  8135 | D:7      | Killed Pikel
  8136 | D:7      | Reached skill level 10 in Spellcasting
  8328 | D:7      | Noticed Maggie
  8338 | D:7      | Killed Maggie
  8570 | D:7      | Reached XP level 10. HP: 57/60 MP: 0/0
  8648 | D:7      | Identified the +7 rapier of Tuimaher {venom, rC+ rCorr}
  8830 | D:7      | Killed an unseen horror
  8831 | D:7      | Reached skill level 11 in Spellcasting
  9235 | D:7      | Found Enoaq's Antique Weapon Emporium.
  9467 | D:7      | Found a basalt altar of Yredelemnul.
  9655 | D:7      | Reached * piety under Ashenzari
  9972 | D:8      | Noticed a two-headed ogre
  9976 | D:8      | Killed a two-headed ogre
  9977 | D:8      | Reached skill level 12 in Spellcasting
 10466 | D:8      | Noticed a two-headed ogre
 10472 | D:8      | Killed a two-headed ogre
 10473 | D:8      | Reached XP level 11. HP: 58/65 MP: 0/0
 10473 | D:8      | Learned a level 5 spell: Yara's Violent Unravelling
 11282 | D:9      | Reached skill level 13 in Spellcasting
 11773 | D:9      | Found a staircase to the Lair.
 12938 | D:9      | Noticed a sun demon
 13325 | D:10     | Entered Level 10 of the Dungeon
 13366 | Lair:1   | Entered Level 1 of the Lair of Beasts
 13403 | Lair:1   | Reached skill level 14 in Spellcasting
 13880 | Lair:1   | Reached XP level 12. HP: 53/70 MP: 0/0
 14137 | Lair:1   | Reached ** piety under Ashenzari
 14780 | Lair:1   | Reached skill level 15 in Spellcasting
 15042 | Lair:1   | Identified the +9 battleaxe of Compulsion {pain, rCorr
                  | Dex+3}
 16754 | Lair:2   | Reached XP level 13. HP: 66/75 MP: 0/0
 16754 | Lair:2   | Learned a level 5 spell: Silence
 16756 | Lair:2   | Reached skill level 16 in Spellcasting
 17790 | Lair:3   | Noticed Amaemon
 18077 | Lair:3   | Killed Amaemon
 18517 | Lair:3   | Noticed a catoblepas
 18535 | Lair:3   | Killed a catoblepas
 18542 | Lair:3   | Slain by a black mamba

Illustrated notes

Levels and vault maps discovered:
D:1:      saegor_arrival_simple_a, layout_basic
D:2:      layout_rooms, moated_statue
D:3:      minmay_thinvault, layout_loops_ring, ebering_ghost_reflecting_pool,
          hellmonk_ecumenical_altar_inner_sanctum, uniq_natasha
D:4:      layout_loops_ring, minmay_temple_entry_antechambers
D:5:      layout_basic, serial_shops, nicolae_shop_hallway_plus
D:6:      layout_cave_pods, mainiacjoe_overflow_tiny_flanked,
          chequers_serial_rivers_small_b
D:7:      layout_rooms, nicolae_yredelemnul_corpse_copse, serial_shops,
          nicolae_inconvenience_store, minmay_misc_feat_rows,
          minmay_misc_feat_more_columns, uniq_maggie, uniq_pikel
D:8:      layout_basic
D:9:      wander_kiku_kobolds, layout_basic, due_lair_maze_entry_diamond,
          serial_park_tiny_2
D:10:     layout_small_grid, mainiacjoe_overflow_divided_tiny,
          grunt_decor_one_mirror
Temple:   hc_temple_tempest_star
Lair:1:   dreamdust_isle_of_ice, layout_chaotic_city, grunt_megastairs_1
Lair:2:   layout_cellular_growth, minivault_19
Lair:3:   layout_cave_pods, minmay_snake_entry_guardpost_medium, uniq_amaemon

Skill      XL: |  1  2  3  4  5  6  7  8  9 10 11 12 13 |
---------------+----------------------------------------+-----
Spellcasting   | 4 5 6 7 8 10 12 14 15 16 | 16.7
Dodging        | |  2.1
Stealth        | |  1.5

Action                   |  1- 3 |  4- 6 |  7- 9 | 10-12 | 13-15 || total
-------------------------+-------+-------+-------+-------+-------++-------
Melee: Unarmed           |       |     1 |     3 |       |       ||     4
       Rapier            |       |       |       |       |     2 ||     2
 Cast: Magic Dart        |    39 |     5 |     5 |       |     2 ||    51
       Foxfire           |    19 |    81 |   142 |   290 |    32 ||   564
       Iskenderun's Myst |       |    10 |    27 |    91 |    15 ||   143
       Fulminant Prism   |       |     2 |    17 |    56 |    23 ||    98
Invok: Curse Item        |       |       |     1 |     2 |       ||     3
  Use: Potion            |       |     1 |     1 |       |       ||     2
Armor: Robe              |       |     4 |    11 |    28 |     9 ||    52
Dodge: Dodged            |     5 |    17 |    46 |    94 |    31 ||   193

Table legend: (Time is in decaauts)
 A = Elapsed time spent in this place.
 B = Non-inter-level travel time spent in this place.
 C = Inter-level travel time spent in this place.
 D = Time resting spent in this place.
 E = Time spent auto-exploring this place.
 F = Levels seen in this place.
 G = Mean time per level.
                   A        B        C        D        E       F      G
               +--------+--------+--------+--------+--------+-----+--------+
         Total |  18553 |  18045 |    508 |   6138 |   9491 |  14 | 1325.2 |
       Dungeon |  13494 |  13108 |    386 |   4097 |   7306 |  10 | 1349.4 |
        Temple |    104 |     92 |     12 |      0 |     65 |   1 |  104.0 |
          Lair |   4954 |   4845 |    109 |   2041 |   2120 |   3 | 1651.3 |
               +--------+--------+--------+--------+--------+-----+--------+

Top non-repeatable levels by time:
  Lair:1: 2246 daAuts
  Lair:2: 2108 daAuts
     D:9: 2075 daAuts
     D:3: 2046 daAuts
     D:6: 1855 daAuts
     D:8: 1765 daAuts
     D:4: 1380 daAuts
     D:2: 1338 daAuts
     D:7: 1149 daAuts
     D:5: 954 daAuts
     D:1: 925 daAuts
  Lair:3: 598 daAuts
  Temple: 104 daAuts
    D:10: 3 daAuts
